 Dungeon Sprint DCSS version 0.31-a0-1074-g0b22e4e0f1 (webtiles) character file.

Game seed: 9584782511486721807

329 rocky1 the Cudgeller (level 6, -3/67 HPs)
             Began as an Ogre Gladiator on Nov 28, 2023.
             Was an Elder of Cheibriados.
             Slain by a gnoll
             ... wielding a +1 heavy spear
             ... led by a gnoll sergeant
              (8 damage)
             ... in the Dungeon (Sprint VII: "The Pits").
             The game lasted 00:01:24 (318 turns).

rocky1 the Cudgeller (Ogre Gladiator)                Turns: 318, Time: 00:01:25

Health: -3/67      AC:  3    Str: 28    XL:     6   Next: 51%
Magic:  13/13      EV: 12    Int: 20    God:    Cheibriados [****..]
Gold:   0          SH:  0    Dex: 19    Spells: 15/15 levels left

rFire   . . .        a - +0 flail
rCold   . . .        (no shield)
rNeg    . . .        b - +0 robe
rPois   .            c - +0 hat
rElec   .            (no cloak)
rCorr   .            (gloves unavailable)
SInv    .            (boots unavailable)
Will    .....        (no amulet)
Stlth   +++          (no ring)
HPRegen 0.31/turn    (no ring)
MPRegen 0.13/turn

%: no teleportation
@: on berserk cooldown, slowed, very slow
A: large, unfitting armour, tough skin 1
a: Renounce Religion, Bend Time, Temporal Distortion, Slouch


You were in the Dungeon.
You worshipped Cheibriados.
Cheibriados was greatly pleased with you.
You visited 1 branch

Inventory:

Hand Weapons
 a - a +0 flail (weapon)
Missiles
 d - 3 throwing nets (quivered)
 e - a large rock
Armour
 b - a +0 robe (worn)
 c - a +0 hat (worn)
Scrolls
 k - a scroll of blinking
 m - 2 scrolls of vulnerability
 n - 5 scrolls of amnesia
 o - a scroll of butterflies
Potions
 f - a potion of curing
 h - a potion of haste
 i - 4 potions of magic
 j - 2 potions of berserk rage
 l - 2 potions of invisibility


   Skills:
 - Level 6.2 Fighting
 * Level 7.3 Maces & Flails
 - Level 2.3 Throwing
 - Level 3.1 Armour
 - Level 5.0 Dodging
 - Level 3.0 Stealth
 + Level 5.0 Spellcasting
 + Level 5.1 Invocations


You had 15 spell levels left.
You didn't know any spells.
Your spell library was empty.

Dungeon Overview and Level Annotations

Branches:
Dungeon (1/1)

Altars:
Ashenzari
Cheibriados
Dithmenos
Elyvilon
Fedhas
Gozag
Hepliaklqana
Kikubaaqudgha
Makhleb
Nemelex Xobeh
Okawaru
Qazlal
Ru
Sif Muna
Trog
Uskayaw
Vehumet
Wu Jian
Xom
Yredelemnul
Zin
The Shining One
Jiyva
Lugonu


Innate Abilities, Weirdness & Mutations

You are too large for most types of armour.
You have tough skin. (AC +1)


Message History

You sock the gnoll!
The gnoll is almost dead.
The gnoll hits you with a +0 club.
* * * LOW HITPOINT WARNING * * *
The gnoll barely misses you. The ball python barely misses you.
You hit the gnoll.
You kill the gnoll!
Cheibriados appreciates the change of pace.
You can now warp the flow of time around you.
The ball python barely misses you.
The gnoll hits you from afar with a +1 heavy spear!
* * * LOW HITPOINT WARNING * * *
Your Spellcasting skill increases to level 5!
Your Invocations skill increases to level 5!
You barely miss the ball python. The ball python bites you.
* * * LOW HITPOINT WARNING * * *
The ball python misses you.
Unknown command.
You sock the ball python!
You kill the ball python!
Cheibriados thoroughly appreciates the change of pace.
Cheibriados raises the support of your attributes as your movement slows. x2
The gnoll hits you from afar with a +1 heavy spear!
* * * LOW HITPOINT WARNING * * *
You sock the endoplasm!
You kill the endoplasm!
Cheibriados appreciates the change of pace.
You can now inflict damage on those overly hasty.
Cheibriados raises the support of your attributes as your movement slows.
The gnoll closely misses you.
You hit the gnoll.
The gnoll is heavily wounded.
You are no longer berserk.
You are exhausted.
You feel yourself slow down. The gnoll barely misses you.
You sock the gnoll!
You kill the gnoll!
Cheibriados appreciates the change of pace.
The gnoll hits you from afar with a +1 heavy spear!
You die...

#..(.')))'.##......#..#.
##########.##...........
#...........'...........
#+#####'#####......#..#.
#...)†# #...........
#.....# ####'#####++
###'### #.......#
#.....# #.......#
#...)@# #.......#
####Z## #...<...#
#..g.....##.......#
#.....gS.##.......#
###########.......#
#########


You could see a gnoll and a jackal zombie.

Vanquished Creatures
  A glass eye (D)
  A gnoll sergeant (D)
  A scorpion (D)
  4 gnolls (D)
  An adder zombie (D)
  An orc (D)
  An endoplasm (D)
  A giant cockroach (D)
  A ball python (D)
12 creatures vanquished.

Notes
Turn   | Place    | Note
-------+----------+-------------------------------------------
     0 | D        | rocky1 the Ogre Gladiator began the quest for the Orb.
     0 | D        | Reached XP level 1. HP: 22/22 MP: 1/1
    20 | D        | Reached skill level 3 in Maces & Flails
    24 | D        | Found a bloodstained altar of Trog.
    24 | D        | Found a shimmering blue altar of Sif Muna.
    24 | D        | Found a viscous altar of Jiyva.
    24 | D        | Found a hazy altar of Hepliaklqana.
    24 | D        | Found an opulent altar of Gozag.
    25 | D        | Found a glowing golden altar of the Shining One.
    25 | D        | Found a glowing silver altar of Zin.
    25 | D        | Found a basalt altar of Yredelemnul.
    25 | D        | Found a shimmering altar of Xom.
    25 | D        | Found an ornate altar of the Wu Jian Council.
    25 | D        | Found a sacrificial altar of Ru.
    25 | D        | Found a stormy altar of Qazlal.
    25 | D        | Found an iron altar of Okawaru.
    25 | D        | Found a sparkling altar of Nemelex Xobeh.
    25 | D        | Found a burning altar of Makhleb.
    25 | D        | Found a blossoming altar of Fedhas.
    25 | D        | Found a white marble altar of Elyvilon.
    25 | D        | Found a shadowy altar of Dithmenos.
    25 | D        | Found a snail-covered altar of Cheibriados.
    28 | D        | Found a corrupted altar of Lugonu.
    28 | D        | Found a radiant altar of Vehumet.
    29 | D        | Found an ancient bone altar of Kikubaaqudgha.
    29 | D        | Found a hide-covered altar of Uskayaw.
    29 | D        | Found a broken altar of Ashenzari.
    38 | D        | Became a worshipper of Cheibriados the Contemplative
    84 | D        | Reached * piety under Cheibriados
    85 | D        | Reached XP level 2. HP: 31/31 MP: 2/2
    91 | D        | Noticed a scorpion
    92 | D        | Noticed a glass eye
   112 | D        | Killed a glass eye
   113 | D        | Reached skill level 5 in Fighting
   113 | D        | Reached skill level 5 in Maces & Flails
   113 | D        | Reached XP level 3. HP: 44/44 MP: 2/8
   113 | D        | Reached XP level 4. HP: 52/52 MP: 2/9
   113 | D        | Reached XP level 5. HP: 59/59 MP: 2/10
   123 | D        | Reached skill level 6 in Maces & Flails
   123 | D        | Reached skill level 5 in Dodging
   123 | D        | Reached XP level 6. HP: 20/67 MP: 3/12
   299 | D        | Reached ** piety under Cheibriados
   311 | D        | Reached skill level 7 in Maces & Flails
   313 | D        | Reached *** piety under Cheibriados
   314 | D        | Reached skill level 5 in Spellcasting
   314 | D        | Reached skill level 5 in Invocations
   316 | D        | Reached **** piety under Cheibriados
   318 | D        | Slain by a gnoll

Illustrated notes

Levels and vault maps discovered:
D:        pitsprint [storerooms_1, entrance_room_1, metal_vault_1, armoury_3,
          mini_pit_1, grid_room_1, main_hall_1, silver_pit, the_coven_2,
          the_vestibule_1, steel_vault_2, golden_pit, hallway_of_sentries,
          crystal_vault_5, iron_vault_3, final_vault]

Skill      XL: |  1  2  3  4  5  6 |
---------------+-------------------+-----
Fighting       | 3 5 6 |  6.2
Maces & Flails | 3 5 6 7 |  7.3
Dodging        | 3 4 5 |  5.0
Armour         | 2 3 |  3.1
Stealth        | 2 3 |  3.0
Spellcasting   | 3 4 5 |  5.0
Invocations    | 3 4 5 |  5.1
Throwing       | |  2.3

Action                     |  1- 3 |  4- 6 || total
---------------------------+-------+-------++-------
  Melee: Flail             |    32 |    28 ||    60
    Use: Potion            |       |     2 ||     2
 Armour: Robe              |    11 |    29 ||    40
  Dodge: Dodged            |     7 |    25 ||    32

Table legend: (Time is in decaauts)
 A = Elapsed time spent in this place.
 B = Non-inter-level travel time spent in this place.
 C = Inter-level travel time spent in this place.
 D = Time resting spent in this place.
 E = Time spent auto-exploring this place.
 F = Levels seen in this place.
 G = Mean time per level.
                   A        B        C        D        E       F      G
               +--------+--------+--------+--------+--------+-----+--------+
         Total |    343 |    343 |      0 |    168 |      0 |   1 |  343.0 |
       Dungeon |    343 |    343 |      0 |    168 |      0 |   1 |  343.0 |
               +--------+--------+--------+--------+--------+-----+--------+

Top non-repeatable levels by time:
       D: 343 daAuts
